 Dungeon Crawl Stone Soup version 0.29.1-15-g9cfb28693d (webtiles) character file.

Game seed: 11254236249134488738

30 zeram the Trooper (level 3, -2/24 HPs)
             Began as a Gargoyle Fighter on Mar 5, 2023.
             Slain by a hobgoblin
             ... wielding a +0 spear
              (3 damage)
             ... on level 2 of the Dungeon.
             The game lasted 00:01:21 (971 turns).

zeram the Trooper (Gargoyle Fighter)                 Turns: 971, Time: 00:01:22

Health: -2/24      AC: 10    Str: 21    XL:     3   Next: 20%
Magic:  3/3        EV:  9    Int:  8    God:
Gold:   34         SH:  4    Dex:  9    Spells: 2/2 levels left

rFire   . . .      SeeInvis .   a - +0 flail
rCold   . . .      Faith    .   c - +0 buckler
rNeg    + . .      Spirit   .   b - +0 scale mail
rPois   ∞          Reflect  .   (no helmet)
rElec   +          Harm     .   (no cloak)
rCorr   .          Rampage  .   (no gloves)
Will    .....                   (no boots)
Stlth   ..........              (no amulet)
HPRegen 0.08/turn               (no ring)
MPRegen 0.08/turn               (no ring)

@: no status effects
A: sickness immunity, AC +3, negative energy resistance 1, electricity
resistance, torment resistance 1, petrification resistance
a: no special abilities


You were on level 2 of the Dungeon.
You visited 1 branch of the dungeon, and saw 2 of its levels.

You collected 34 gold pieces.

Inventory:

Hand Weapons
 a - a +0 flail (weapon)
Armour
 b - a +0 scale mail (worn)
 c - a +0 buckler (worn)
Jewellery
 e - a ring of magical power
 m - a ring of protection from fire
Scrolls
 j - a scroll of brand weapon {unknown}
 k - a scroll of teleportation {unknown}
 n - a scroll of vulnerability {unknown}
Potions
 d - a potion of might
 f - a potion of haste {unknown}
 g - 3 potions of curing {unknown}
 h - a potion of mutation {unknown}
 i - a potion of heal wounds {unknown}
 l - a potion of degeneration {unknown}


   Skills:
 + Level 3.8 Fighting
 + Level 2.5 Maces & Flails
 + Level 3.6 Armour
 + Level 3.4 Shields


You had 2 spell levels left.
You didn't know any spells.
Your spell library contained the following spells:

 Spells                   Type           Power      Damage    Failure   Level
 Beastly Appendage        Tmut           0%         N/A       83%         1


Dungeon Overview and Level Annotations

Branches:
Dungeon (2/15)

Altars:

Annotations:
D:1 1 transporter


Innate Abilities, Weirdness & Mutations

You are immune to sickness and miasma.
Your stone body is resilient. (AC +3)
You are immune to poison.
You resist negative energy. (rN+)
You are resistant to electric shocks. (rElec)
You are resistant to unholy torment.
You are immune to petrification.


Message History

The frilled lizard barely misses you.
You sock the frilled lizard!
You kill the frilled lizard!
The quokka bites you.
You miss the quokka. You block the quokka's attack.
The hobgoblin closely misses you.
You miss the quokka. The quokka misses you.
The hobgoblin hits you from afar with a +0 spear.
* * * LOW HITPOINT WARNING * * *
The quokka bites you but does no damage.
You closely miss the quokka. You block the hobgoblin's attack.
The quokka completely misses you.
The hobgoblin hits you from afar with a +0 spear.
* * * LOW HITPOINT WARNING * * *
You miss the quokka. The quokka barely misses you.
The hobgoblin hits you but does no damage.
You block the quokka's attack.
Unknown command.
You sock the quokka!
You kill the quokka!
The hobgoblin hits you but does no damage.
The hobgoblin barely misses you.
You see here a quokka corpse.
You hit the hobgoblin.
The hobgoblin is almost dead.
The hobgoblin hits you with a +0 spear.
* * * LOW HITPOINT WARNING * * *
The hobgoblin hits you but does no damage.
You completely miss the hobgoblin.
The hobgoblin is almost dead.
You block the hobgoblin's attack.
You completely miss the hobgoblin.
The hobgoblin is almost dead.
The hobgoblin hits you but does no damage.
You hit the hobgoblin but do no damage.
The hobgoblin is almost dead.
The hobgoblin hits you with a +0 spear.
* * * LOW HITPOINT WARNING * * *
The hobgoblin hits you with a +0 spear.
You die...

######.#.########.#
.................#
..####...###..######
##..# #.......# #..#
#.#####.# #..###.#
#..#...# ...#.###
##.#@# #g# #'#
#...†.....#
#.........#
#.........#
#.......[.#
#.........#
#.........#


You could see a hobgoblin.

Vanquished Creatures
  2 dart slugs
  3 ball pythons
  An endoplasm (D:2)
  3 hobgoblins (D:1)
  3 kobolds (D:1)
  A quokka (D:2)
  6 frilled lizards
  3 goblins (D:1)
  4 rats (D:1)
26 creatures vanquished.

Vanquished Creatures (others)
  A plant (D:2)
1 creature vanquished.

Grand Total: 27 creatures vanquished

Notes
Turn   | Place    | Note
-------+----------+-------------------------------------------
     0 | D:1      | zeram the Gargoyle Fighter began the quest for the Orb.
     0 | D:1      | Reached XP level 1. HP: 14/14 MP: 1/1
    24 | D:1      | Found a faded altar of an unknown god.
    33 | D:1      | Got Plato's Folio of Permutations
   204 | D:1      | Reached XP level 2. HP: 19/19 MP: 2/2
   800 | D:1      | Reached XP level 3. HP: 24/24 MP: 3/3
   971 | D:2      | HP: 1/24 [hobgoblin/+0 spear (1)]
   971 | D:2      | Slain by a hobgoblin

Illustrated notes

Levels and vault maps discovered:
D:1:      spicycebolla_arrival_risky_transporter, layout_loops_corners,
          shapermc_ecumenical_altar_rom_forum, minmay_close_crescents
D:2:      layout_basic, guppyfry_early_lair_pool

Action                   || total
-------------------------++-------
Melee: Flail             ||    84
  Use: Scroll            ||     1
Armor: Scale mail        ||    59
Dodge: Dodged            ||    42
Block: Buckler           ||    20
